 Dungeon Sprint DCSS version 0.26.0-15-gc6cd9f7 (webtiles) character file.

Game seed: 6808131047438939254

390 Kalegnar the Nimble (level 6, -8/56 HPs)
             Began as a Gnoll Monk on Jan 22, 2021.
             Was an Elder of Qazlal.
             Mangled by a boulder beetle (10 damage)
             ... in the Dungeon (Sprint VII: "The Pits").
             The game lasted 00:03:31 (297 turns).

Kalegnar the Nimble (Gnoll Monk)                     Turns: 297, Time: 00:03:31

Health: -8/56      AC:  9    Str: 15    XL:     6   Next: 80%
Magic:  7/13       EV: 16    Int: 12    God:    Qazlal [****..]
Gold:   0          SH:  5    Dex: 18    Spells: 14/14 levels left

rFire    . . .     SeeInvis .   a - +1 trident (vorpal)
rCold    . . .     Faith    .   (no shield)
rNeg     . . .     Spirit   .   o - +3 ring mail
rPois    .         Reflect  .   (no helmet)
rElec    .         Harm     .   (no cloak)
rCorr    .         Rampage  .   (no gloves)
Will     .....     NoTele   +   (no boots)
Stlth    ++........             (no amulet)
HPRegen  0.18/turn              (no ring)
MPRegen  0.13/turn              (no ring)

@: repel missiles
A: distributed training, fangs 1, strong nose
a: Renounce Religion, Upheaval, Elemental Force


You were in the Dungeon.
You worshipped Qazlal.
Qazlal was greatly pleased with you.
You visited 1 branch

Inventory:

Hand Weapons
 a - a +1 vorpal trident (weapon)
 b - a +0 shortbow
Missiles
 q - 29 arrows
Armour
 i - a +2 plate armour
 o - a +3 ring mail (worn)
 p - a +0 robe
Scrolls
 h - a scroll of blinking
 j - 3 scrolls of remove curse
 k - 5 scrolls of amnesia
 l - a scroll of summoning
 m - 2 scrolls of vulnerability
Potions
 c - 6 potions of curing
 d - 6 potions of heal wounds
 e - a potion of haste
 f - 4 potions of magic
 g - 3 potions of berserk rage
 n - 2 potions of invisibility


   Skills:
 + Level 8.3 Fighting
 + Level 4.9 Short Blades
 + Level 4.9 Long Blades
 + Level 4.9 Axes
 + Level 4.9 Maces & Flails
 + Level 8.3 Polearms
 + Level 4.9 Staves
 + Level 4.9 Slings
 + Level 4.9 Bows
 + Level 4.9 Crossbows
 + Level 4.9 Throwing
 + Level 4.9 Armour
 + Level 8.3 Dodging
 + Level 6.5 Stealth
 + Level 4.9 Shields
 + Level 4.9 Unarmed Combat
 + Level 4.9 Spellcasting
 + Level 4.0 Conjurations
 + Level 4.0 Hexes
 + Level 4.0 Summonings
 + Level 4.0 Necromancy
 + Level 4.0 Translocations
 + Level 4.0 Transmutations
 + Level 4.0 Fire Magic
 + Level 4.0 Ice Magic
 + Level 4.0 Air Magic
 + Level 4.0 Earth Magic
 + Level 4.0 Poison Magic
 + Level 5.4 Invocations
 + Level 4.9 Evocations


You had 14 spell levels left.
You didn't know any spells.
Your spell library was empty.

Dungeon Overview and Level Annotations

Branches:
Dungeon (1/1)

Altars:
Ashenzari
Cheibriados
Dithmenos
Elyvilon
Fedhas
Gozag
Hepliaklqana
Kikubaaqudgha
Makhleb
Nemelex Xobeh
Okawaru
Qazlal
Ru
Sif Muna
Trog
Uskayaw
Vehumet
Wu Jian
Xom
Yredelemnul
Zin
The Shining One
Beogh
Jiyva
Lugonu


Innate Abilities, Weirdness & Mutations

Your experience applies equally to all skills.
You have very sharp teeth.
Your uncanny sense of smell can sniff out nearby items.


Message History

The blast of rubble hits the boulder beetle but does no damage.
You can no longer call upon nature's wrath in a wide area around you.
You hit the boulder beetle.
The boulder beetle is lightly wounded.
The boulder beetle bites you!
You hit the boulder beetle but do no damage.
You bite the boulder beetle, but do no damage.
The boulder beetle is lightly wounded.
The boulder beetle bites you!
You open the door. You block the boulder beetle's attack.
The boulder beetle bites you.
There is an open door here.
The boulder beetle curls into a ball and begins rolling!
The boulder beetle hits you!!
* * * LOW HITPOINT WARNING * * *
The boulder beetle stops rolling and uncurls.
You hit the boulder beetle.
The boulder beetle is lightly wounded.
The boulder beetle bites you!
You die...

#.#........##.......#
#.#........##.......#
#)###########.......#
#†......# #########
#...#...# #...#...#
∆∆∆∆ #.##.##.#+# ∆
#...#...#.+ ∆
#...#@B[#)# ∆
#......°'†# ∆
###########


You could see a boulder beetle.

Vanquished Creatures
  A floating eye (D)
  A sky beast (D)
  A centaur (D)
  A jelly (D)
  A quasit (D)
  An orc wizard (D)
  A gnoll (D)
  2 ufetubi (D)
  A giant cockroach (D)
  2 goblins (D)
  A hobgoblin (D)
  A kobold (D)
  A quokka (D)
  A frilled lizard (D)
16 creatures vanquished.

Notes
Turn   | Place    | Note
-------+----------+-------------------------------------------
     0 | D        | Kalegnar the Gnoll Monk began the quest for the Orb.
     0 | D        | Reached XP level 1. HP: 23/23 MP: 1/1
    40 | D        | Found a bloodstained altar of Trog.
    40 | D        | Found a shimmering blue altar of Sif Muna.
    40 | D        | Found a viscous altar of Jiyva.
    40 | D        | Found a hazy altar of Hepliaklqana.
    40 | D        | Found an opulent altar of Gozag.
    41 | D        | Found a glowing golden altar of the Shining One.
    41 | D        | Found a glowing silver altar of Zin.
    41 | D        | Found a basalt altar of Yredelemnul.
    41 | D        | Found a shimmering altar of Xom.
    41 | D        | Found an ornate altar of the Wu Jian Council.
    41 | D        | Found a sacrificial altar of Ru.
    41 | D        | Found a stormy altar of Qazlal.
    41 | D        | Found an iron altar of Okawaru.
    41 | D        | Found a sparkling altar of Nemelex Xobeh.
    41 | D        | Found a burning altar of Makhleb.
    41 | D        | Found a blossoming altar of Fedhas.
    41 | D        | Found a white marble altar of Elyvilon.
    41 | D        | Found a shadowy altar of Dithmenos.
    41 | D        | Found a snail-covered altar of Cheibriados.
    42 | D        | Found a radiant altar of Vehumet.
    42 | D        | Found a corrupted altar of Lugonu.
    42 | D        | Found a roughly hewn altar of Beogh.
    43 | D        | Found an ancient bone altar of Kikubaaqudgha.
    43 | D        | Found a hide-covered altar of Uskayaw.
    43 | D        | Found a broken altar of Ashenzari.
    46 | D        | Became a worshipper of Qazlal Stormbringer
    46 | D        | Reached * piety under Qazlal
    46 | D        | Reached ** piety under Qazlal
    58 | D        | Reached skill level 1 in Short Blades
    58 | D        | Reached skill level 1 in Long Blades
    58 | D        | Reached skill level 1 in Axes
    58 | D        | Reached skill level 1 in Maces & Flails
    58 | D        | Reached skill level 1 in Staves
    58 | D        | Reached skill level 1 in Slings
    58 | D        | Reached skill level 1 in Bows
    58 | D        | Reached skill level 1 in Crossbows
    58 | D        | Reached skill level 1 in Throwing
    58 | D        | Reached skill level 1 in Armour
    58 | D        | Reached skill level 1 in Shields
    58 | D        | Reached skill level 1 in Unarmed Combat
    58 | D        | Reached skill level 1 in Spellcasting
    58 | D        | Reached skill level 1 in Invocations
    58 | D        | Reached skill level 1 in Evocations
    58 | D        | Reached XP level 2. HP: 29/29 MP: 1/3
    59 | D        | Reached skill level 1 in Conjurations
    59 | D        | Reached skill level 1 in Hexes
    59 | D        | Reached skill level 1 in Summonings
    59 | D        | Reached skill level 1 in Necromancy
    59 | D        | Reached skill level 1 in Translocations
    59 | D        | Reached skill level 1 in Transmutations
    59 | D        | Reached skill level 1 in Fire Magic
    59 | D        | Reached skill level 1 in Ice Magic
    59 | D        | Reached skill level 1 in Air Magic
    59 | D        | Reached skill level 1 in Earth Magic
    59 | D        | Reached skill level 1 in Poison Magic
    83 | D        | Noticed a floating eye
    86 | D        | Killed a floating eye
    87 | D        | Reached skill level 5 in Stealth
    87 | D        | Reached XP level 3. HP: 36/36 MP: 3/7
    87 | D        | Reached XP level 4. HP: 43/43 MP: 3/8
    88 | D        | Reached *** piety under Qazlal
    89 | D        | Reached XP level 5. HP: 48/48 MP: 3/9
   103 | D        | Reached **** piety under Qazlal
   176 | D        | Noticed a centaur
   178 | D        | Noticed a sky beast
   182 | D        | Killed a centaur
   183 | D        | Reached XP level 6. HP: 56/56 MP: 6/12
   198 | D        | Killed a sky beast
   199 | D        | Reached skill level 5 in Invocations
   280 | D        | Reached ***** piety under Qazlal
   283 | D        | Noticed a boulder beetle
   296 | D        | HP: 2/56 [boulder beetle (22)]
   297 | D        | Mangled by a boulder beetle

Illustrated notes

Levels and vault maps discovered:
D:        pitsprint [storerooms_1, entrance_room_1, metal_vault_6, armoury_3,
          mini_pit_1, grid_room_1, main_hall_1, silver_pit, the_coven_1,
          the_vestibule_1, steel_vault_2, golden_pit, hallway_of_sentries,
          crystal_vault_2, iron_vault_4, final_vault]

Skill      XL: |  1  2  3  4  5  6 |
---------------+-------------------+-----
Short Blades   | 1 3 4 |  4.9
Long Blades    | 1 3 4 |  4.9
Axes           | 1 3 4 |  4.9
Maces & Flails | 1 3 4 |  4.9
Staves         | 1 3 4 |  4.9
Slings         | 1 3 4 |  4.9
Bows           | 1 3 4 |  4.9
Crossbows      | 1 3 4 |  4.9
Throwing       | 1 3 4 |  4.9
Armour         | 1 3 4 |  4.9
Shields        | 1 3 4 |  4.9
Unarmed Combat | 1 3 4 |  4.9
Spellcasting   | 1 3 4 |  4.9
Invocations    | 1 3 4 5 |  5.4
Evocations     | 1 3 4 |  4.9
Conjurations   | 2 3 4 |  4.0
Hexes          | 2 3 4 |  4.0
Summonings     | 2 3 4 |  4.0
Necromancy     | 2 3 4 |  4.0
Translocations | 2 3 4 |  4.0
Transmutations | 2 3 4 |  4.0
Fire Magic     | 2 3 4 |  4.0
Ice Magic      | 2 3 4 |  4.0
Air Magic      | 2 3 4 |  4.0
Earth Magic    | 2 3 4 |  4.0
Poison Magic   | 2 3 4 |  4.0
Fighting       | 7 8 |  8.3
Polearms       | 7 8 |  8.3
Dodging        | 7 8 |  8.3
Stealth        | 5 6 |  6.5

Action                   |  1- 3 |  4- 6 || total
-------------------------+-------+-------++-------
Melee: Spear             |     4 |       ||     4
       Trident           |     6 |    40 ||    46
       Bite              |       |     5 ||     5
Invok: Upheaval          |       |     1 ||     1
       Disaster Area     |       |     1 ||     1
Armor: Ring mail         |       |     7 ||     7
       Robe              |       |     1 ||     1
Dodge: Dodged            |     1 |    24 ||    25
Block: Other             |       |     5 ||     5
